UAA
TACOMA FUR TRADERS @ IRVING BLUE SOX
08/26/2017
 
TOP OF THE 1ST
Tacoma Fur Traders batting - Pitching for Irving Blue Sox : RHP António Aguilar
Pitching: RHP António Aguilar
Batting: RHB Hiwahikeiki Noelani 0-0: Ball
1-0: Ball
2-0: Called Strike
2-1: Ball
3-1: Swinging Strike
3-2: DOUBLE (Line Drive, 5D)
Batting: RHB Mark Allen 0-0: Called Strike
0-1: Ball
1-1: Swinging Strike
1-2: Hit by Pitch
Batting: RHB Brett Robinson 0-0: Foul Ball, location: 2F
0-1: Ball
1-1: Foul Ball, location: 2F
1-2: Ball
2-2: SINGLE (Groundball, 4MD)
Hiwahikeiki Noelani to third
Mark Allen to second
Runner from 3rd tries for Home, SAFE, no throw or cutoff
Batting: RHB Ángel Garza 0-0: Called Strike
0-1: Called Strike
0-2: Ball
1-2: Strikes out swinging
Batting: RHB Mo Zhou 0-0: Ball
1-0: Called Strike
1-1: Grounds into double play, U6-3 (Groundball, 6)
Top of the 1st over - 1 run(s), 2 hit(s), 0 error(s), 1 left on base; Tacoma 1 - Irving 0
BOTTOM OF THE 1ST
Irving Blue Sox batting - Pitching for Tacoma Fur Traders : RHP Howard Ritchie
Pitching: RHP Howard Ritchie
Batting: RHB Daniel Molina 0-0: Ball
1-0: Called Strike
1-1: Called Strike
1-2: Ball
2-2: Ground out 5-3 (Groundball, 5)
Batting: RHB Anthony Johnston 0-0: Ball
1-0: Called Strike
1-1: Foul Ball, location: 2F
1-2: Fly out, F9 (Flyball, 9D)
Batting: RHB Maurice Wiebe 0-0: Ball
1-0: Swinging Strike
1-1: Called Strike
1-2: Ball
2-2: Ball
3-2: Base on Balls
Batting: RHB Dustin Johnstone 0-0: Ball
1-0: Ball
2-0: SINGLE (Groundball, 4)
Maurice Wiebe to second
Runner from 2nd tries for 3rd, SAFE, no throw or cutoff
Batting: RHB Will Hunter 0-0: Ball
1-0: Foul Ball, location: 2F
1-1: Ball
2-1: Ball
3-1: Foul Ball, location: 2F
3-2: Fly out, F4 (Popup, 4D)
Bottom of the 1st over - 0 run(s), 1 hit(s), 0 error(s), 2 left on base; Tacoma 1 - Irving 0
TOP OF THE 2ND
Tacoma Fur Traders batting - Pitching for Irving Blue Sox : RHP António Aguilar
Batting: RHB Eldon McGillivour 0-0: Foul Ball, location: 2F
0-1: Ball
1-1: Called Strike
1-2: Ball
2-2: Ball
3-2: Strikes out looking
Batting: RHB Mike Daniels 0-0: Ball
1-0: Called Strike
1-1: Swinging Strike
1-2: Foul Ball, location: 2F
1-2: Ball
2-2: Strikes out swinging
Batting: RHB Joe Craig 0-0: Called Strike
0-1: Called Strike
0-2: Foul Ball, location: 2F
0-2: Fly out, F5 (Popup, 5SF)
Top of the 2nd over - 0 run(s), 0 hit(s), 0 error(s), 0 left on base; Tacoma 1 - Irving 0
BOTTOM OF THE 2ND
Irving Blue Sox batting - Pitching for Tacoma Fur Traders : RHP Howard Ritchie
Batting: SHB Ron Peterson 0-0: SINGLE (Line Drive, 6M)
Batting: RHB Wes Bradley 0-0: Ball
1-0: Ball
2-0: Swinging Strike
2-1: Swinging Strike
2-2: Ball
3-2: Foul Ball, location: 2F
3-2: Strikes out swinging
Batting: RHB Alfredo Chávez 0-0: Called Strike
0-1: Ball
1-1: Ball
2-1: Ground out 2-3 (Groundball, 23)
Ron Peterson to second
Batting: RHB Robbie Young 0-0: Ground out 4-3 (Groundball, 4)
Bottom of the 2nd over - 0 run(s), 1 hit(s), 0 error(s), 1 left on base; Tacoma 1 - Irving 0
TOP OF THE 3RD
Tacoma Fur Traders batting - Pitching for Irving Blue Sox : RHP António Aguilar
Batting: RHB Dale Blair 0-0: Called Strike
0-1: Swinging Strike
0-2: Ball
1-2: DOUBLE (Flyball, 7M)
Batting: RHB Hiwahikeiki Noelani 0-0: Swinging Strike
0-1: SINGLE (Line Drive, 4M)
Dale Blair to third
Runner from 3rd tries for Home, SAFE, no throw or cutoff
Batting: RHB Mark Allen 0-0: Ball
1-0: Foul Ball, location: 2F
1-1: Fly out, F6 (Line Drive, 6)
Batting: RHB Brett Robinson 0-0: Fly out, F7 (Flyball, 78M)
Batting: RHB Ángel Garza 0-0: Ball
1-0: Foul Ball, location: 2F
1-1: Ball
Hiwahikeiki Noelani steals 2nd base
2-1: Foul Ball, location: 2F
2-2: Ground out 5-3 (Groundball, 5S)
Top of the 3rd over - 1 run(s), 2 hit(s), 0 error(s), 1 left on base; Tacoma 2 - Irving 0
BOTTOM OF THE 3RD
Irving Blue Sox batting - Pitching for Tacoma Fur Traders : RHP Howard Ritchie
Batting: RHB Daniel Molina 0-0: Bunted foul
0-1: Ball
1-1: Ball
2-1: Ball
3-1: Called Strike
3-2: Ground out U3 (Groundball, 3S)
Batting: RHB Anthony Johnston 0-0: Fly out, F9 (Flyball, 9S)
Batting: RHB Maurice Wiebe 0-0: Ball
1-0: Ball
2-0: Called Strike
2-1: Foul Ball, location: 2F
2-2: Ball
3-2: Base on Balls
Batting: RHB Dustin Johnstone 0-0: Ball
1-0: Ball
2-0: Ball
Maurice Wiebe is caught stealing 2nd base
Bottom of the 3rd over - 0 run(s), 0 hit(s), 0 error(s), 0 left on base; Tacoma 2 - Irving 0
TOP OF THE 4TH
Tacoma Fur Traders batting - Pitching for Irving Blue Sox : RHP António Aguilar
Batting: RHB Mo Zhou 0-0: Ball
1-0: SINGLE (Line Drive, 4M)
Batting: RHB Eldon McGillivour 0-0: Foul Ball, location: 2F
0-1: Called Strike
0-2: Ball
1-2: Ball
2-2: Foul Ball, location: 2F
2-2: Foul Ball, location: 2F
2-2: Foul Ball, location: 2F
2-2: SINGLE (Flyball, 89S)
Mo Zhou to second
Batting: RHB Mike Daniels 0-0: Called Strike
0-1: Fly out, F9 (Flyball, 9S)
Batting: RHB Joe Craig 0-0: Fly out, F8 (Flyball, 8RM)
Batting: RHB Dale Blair 0-0: Ball
1-0: Foul Ball, location: 2F
1-1: Ball
2-1: Foul Ball, location: 2F
2-2: Foul Ball, location: 2F
2-2: Ground out 5-3 (Groundball, 5S)
Top of the 4th over - 0 run(s), 2 hit(s), 0 error(s), 2 left on base; Tacoma 2 - Irving 0
BOTTOM OF THE 4TH
Irving Blue Sox batting - Pitching for Tacoma Fur Traders : RHP Howard Ritchie
Batting: RHB Dustin Johnstone 0-0: Called Strike
0-1: Ball
1-1: Ball
2-1: Foul Ball, location: 2F
2-2: Fly out, F9 (Flyball, 9D)
Batting: RHB Will Hunter 0-0: SINGLE (Groundball, 56D)
Batting: SHB Ron Peterson 0-0: Swinging Strike
0-1: Ball
1-1: Called Strike
1-2: Foul Ball, location: 2F
1-2: Strikes out swinging
Batting: RHB Wes Bradley 0-0: Ball
1-0: Ball
2-0: Ball
3-0: Called Strike
3-1: Foul Ball, location: 2F
3-2: Foul Ball, location: 2F
3-2: Strikes out swinging
Bottom of the 4th over - 0 run(s), 1 hit(s), 0 error(s), 1 left on base; Tacoma 2 - Irving 0
TOP OF THE 5TH
Tacoma Fur Traders batting - Pitching for Irving Blue Sox : RHP António Aguilar
Batting: RHB Hiwahikeiki Noelani 0-0: Called Strike
0-1: Ball
1-1: SINGLE (Line Drive, 7S)
Batting: RHB Mark Allen 0-0: Sac Bunt - play at first, batter OUT! 1-4
Hiwahikeiki Noelani to second
Batting: RHB Brett Robinson 0-0: Called Strike
Hiwahikeiki Noelani steals 3rd base
0-1: Ball
Wild Pitch!
Hiwahikeiki Noelani scores
1-1: SINGLE (Line Drive, 7S)
Pitching: LHP Mario Jiménez
Batting: RHB Ángel Garza 0-0: Ball
1-0: Called Strike
1-1: Called Strike
1-2: Ball
2-2: Strikes out swinging
Batting: RHB Mo Zhou 0-0: Foul Ball, location: 2F
0-1: Fly out, F9 (Flyball, 9M)
Top of the 5th over - 1 run(s), 2 hit(s), 0 error(s), 1 left on base; Tacoma 3 - Irving 0
BOTTOM OF THE 5TH
Irving Blue Sox batting - Pitching for Tacoma Fur Traders : RHP Howard Ritchie
Batting: RHB Alfredo Chávez 0-0: Called Strike
0-1: Swinging Strike
0-2: Foul Ball, location: 2F
0-2: Ball
1-2: Foul Ball, location: 2F
1-2: Foul Ball, location: 2F
1-2: Strikes out swinging
Batting: RHB Robbie Young 0-0: Ball
1-0: Ball
2-0: Ball
3-0: Foul Ball, location: 2F
3-1: Base on Balls
Pitching: RHP Miguel Angel Liñares
Batting: RHB Daniel Molina 0-0: Ball
1-0: Called Strike
1-1: Ball
2-1: Fly out, F8 (Flyball, 89M)
Batting: RHB Anthony Johnston 0-0: Called Strike
0-1: Ball
1-1: Foul Ball, location: 2F
1-2: Ball
2-2: Ball
3-2: SINGLE (Line Drive, 56)
Robbie Young to second
Robbie Young to third
Batting: RHB Maurice Wiebe 0-0: Ball
1-0: Foul Ball, location: 2F
1-1: Called Strike
1-2: Ball
2-2: Strikes out looking
Bottom of the 5th over - 0 run(s), 1 hit(s), 0 error(s), 2 left on base; Tacoma 3 - Irving 0
TOP OF THE 6TH
Tacoma Fur Traders batting - Pitching for Irving Blue Sox : LHP Mario Jiménez
Batting: RHB Eldon McGillivour 0-0: Called Strike
0-1: Called Strike
0-2: DOUBLE (Groundball, 3L)
Batting: RHB Mike Daniels 0-0: Ball
1-0: Called Strike
1-1: Ball
2-1: Ground out 5-3 (Groundball, 56S)
Eldon McGillivour to third
Batting: RHB Joe Craig 0-0: Foul Ball, location: 2F
0-1: Called Strike
0-2: Strikes out looking
Batting: RHB Dale Blair 0-0: Foul Ball, location: 2F
0-1: Ball
Wild Pitch!
Eldon McGillivour scores
1-1: Ball
2-1: Ball
3-1: Ground out 6-3 (Groundball, 6)
Top of the 6th over - 1 run(s), 1 hit(s), 0 error(s), 0 left on base; Tacoma 4 - Irving 0
BOTTOM OF THE 6TH
Irving Blue Sox batting - Pitching for Tacoma Fur Traders : RHP Miguel Angel Liñares
Batting: RHB Dustin Johnstone 0-0: Ball
1-0: Foul Ball, location: 2F
1-1: Ball
2-1: Swinging Strike
2-2: Strikes out swinging
Batting: RHB Will Hunter 0-0: Called Strike
0-1: Called Strike
0-2: Ball
1-2: Ball
2-2: SINGLE (Groundball, 56)
Batting: SHB Ron Peterson 0-0: Swinging Strike
0-1: Swinging Strike
0-2: Strikes out looking
Batting: RHB Wes Bradley 0-0: Ball
1-0: Foul Ball, location: 2F
1-1: Ball
2-1: Ball
3-1: Foul Ball, location: 2F
3-2: Strikes out looking
Bottom of the 6th over - 0 run(s), 1 hit(s), 0 error(s), 1 left on base; Tacoma 4 - Irving 0
TOP OF THE 7TH
Tacoma Fur Traders batting - Pitching for Irving Blue Sox : LHP Mario Jiménez
Batting: RHB Hiwahikeiki Noelani 0-0: Swinging Strike
0-1: Ball
1-1: Swinging Strike
1-2: Foul Ball, location: 2F
1-2: Ball
2-2: Foul Ball, location: 2F
2-2: Strikes out swinging
Pitching: RHP Carlos Velázquez
Batting: RHB Mark Allen 0-0: Called Strike
0-1: Ball
1-1: Ball
2-1: Ball
3-1: Base on Balls
Batting: RHB Brett Robinson 0-0: Called Strike
0-1: Ball
1-1: Ball
2-1: Called Strike
2-2: Strikes out swinging
Batting: RHB Ángel Garza 0-0: Ball
1-0: Ball
2-0: Ball
3-0: Base on Balls
Mark Allen to second
Batting: RHB Mo Zhou 0-0: Ball
1-0: Ball
2-0: Foul Ball, location: 2F
2-1: Swinging Strike
2-2: Ball
3-2: SINGLE (Flyball, 78S)
Mark Allen to third
Ángel Garza to second
Mark Allen scores
Ángel Garza to third
Batting: RHB Eldon McGillivour 0-0: Called Strike
0-1: Foul Ball, location: 2F
0-2: Ball
1-2: Strikes out swinging
Top of the 7th over - 1 run(s), 1 hit(s), 0 error(s), 2 left on base; Tacoma 5 - Irving 0
BOTTOM OF THE 7TH
Irving Blue Sox batting - Pitching for Tacoma Fur Traders : RHP Miguel Angel Liñares
Now at C: Rex Long
Now in CF: Scott Alexander
Batting: RHB Alfredo Chávez 0-0: Called Strike
0-1: Called Strike
0-2: Strikes out swinging
Pitching: LHP Roberto Bruno
Batting: RHB Robbie Young 0-0: Ball
1-0: Ball
2-0: Called Strike
2-1: Foul Ball, location: 2F
2-2: SINGLE (Flyball, 4MD)
Batting: RHB Daniel Molina 0-0: Ball
Wild Pitch!
Robbie Young to second
1-0: Ball
2-0: Ball
3-0: Base on Balls
Batting: RHB Anthony Johnston 0-0: Ball
1-0: Reached on error, E2 (Groundball, 2R)
Robbie Young scores
Daniel Molina to third
Batting: RHB Maurice Wiebe 0-0: Fly out, F5 (Line Drive, 56)
Batting: RHB Dustin Johnstone 0-0: Called Strike
0-1: Foul Ball, location: 2F
0-2: SINGLE (Line Drive, 6M)
Daniel Molina scores
Anthony Johnston to third
Runner from 3rd tries for Home, SAFE, no throw or cutoff
Pitching: RHP Bruce Hamilton
Batting: RHB Will Hunter 0-0: Ball
1-0: Foul Ball, location: 2F
1-1: Ball
2-1: Foul Ball, location: 2F
2-2: Ball
3-2: Strikes out swinging
Bottom of the 7th over - 3 run(s), 2 hit(s), 1 error(s), 1 left on base; Tacoma 5 - Irving 3
TOP OF THE 8TH
Tacoma Fur Traders batting - Pitching for Irving Blue Sox : RHP Carlos Velázquez
Batting: RHB Mike Daniels 0-0: Fly out, F9 (Flyball, 89M)
Batting: RHB Joe Craig 0-0: Ball
1-0: Ground out 3-1 (Groundball, 34)
Batting: LHB Scott Alexander 0-0: Ball
1-0: Called Strike
1-1: Ball
Error on foul ball, E2
2-2: Ball
3-2: Foul Ball, location: 2F
3-2: Base on Balls
Batting: RHB Hiwahikeiki Noelani 0-0: Ball
1-0: Foul Ball, location: 2F
1-1: Ball
2-1: Foul Ball, location: 2F
2-2: Ball
3-2: Foul Ball, location: 2F
3-2: Foul Ball, location: 2F
3-2: Ground out 4-3 (Groundball, 4)
Top of the 8th over - 0 run(s), 0 hit(s), 1 error(s), 1 left on base; Tacoma 5 - Irving 3
BOTTOM OF THE 8TH
Irving Blue Sox batting - Pitching for Tacoma Fur Traders : RHP Bruce Hamilton
Batting: SHB Ron Peterson 0-0: Swinging Strike
0-1: Ball
1-1: Ground out 4-3 (Groundball, 4)
Batting: RHB Wes Bradley 0-0: Called Strike
0-1: Foul Ball, location: 2F
0-2: Ball
1-2: Fly out, F8 (Flyball, 8LS)
Batting: RHB Alfredo Chávez 0-0: Ball
1-0: SINGLE (Groundball, 13) (infield hit)
Batting: RHB Robbie Young 0-0: Ball
1-0: Called Strike
1-1: Ball
2-1: Ground out 4-3 (Groundball, 4)
Bottom of the 8th over - 0 run(s), 1 hit(s), 0 error(s), 1 left on base; Tacoma 5 - Irving 3
TOP OF THE 9TH
Tacoma Fur Traders batting - Pitching for Irving Blue Sox : RHP Carlos Velázquez
Batting: RHB Mark Allen 0-0: SINGLE (Line Drive, 4MD)
Batting: RHB Brett Robinson 0-0: Ball
1-0: Fielders Choice at 2nd, 1-6 (Groundball, 13S)
Batting: RHB Rex Long 0-0: Ball
1-0: Ball
2-0: Called Strike
2-1: Called Strike
2-2: Ball
3-2: Fly out, F7 (Line Drive, 7S)
3-2: Lined into DP, 7-3 (Line Drive, 7S)
Top of the 9th over - 0 run(s), 1 hit(s), 0 error(s), 0 left on base; Tacoma 5 - Irving 3
BOTTOM OF THE 9TH
Irving Blue Sox batting - Pitching for Tacoma Fur Traders : RHP Bruce Hamilton
Pitching: LHP Greg Jordan
Batting: RHB Daniel Molina 0-0: Swinging Strike
0-1: Ball
1-1: Called Strike
1-2: Ball
2-2: Ball
3-2: Base on Balls
Batting: RHB Anthony Johnston 0-0: Called Strike
0-1: Foul Ball, location: 2F
0-2: Ball
1-2: Ball
2-2: Strikes out swinging
Batting: RHB Maurice Wiebe 0-0: Called Strike
0-1: Ball
1-1: Ball
2-1: Grounds into double play, 1-6-3 (Groundball, 15)
Bottom of the 9th over - 0 run(s), 0 hit(s), 0 error(s), 0 left on base; Tacoma 5 - Irving 3
This league is powered by Out of the Park Baseball, the baseball management simulation game for PC, Mac and Linux
Saturday, February 27th, 2021 - OOTP Baseball 15.6 Build 34